 Dungeon Crawl Stone Soup version 0.30.1-3-gfc49f6343a (webtiles) character file.

Game seed: 15231202369459003205

67 Bronimir the Conjurer (level 4, -1/27 HPs)
             Began as a Gargoyle Reaver on July 29, 2023.
             Slain by a gnoll
             ... wielding a +0 flail
              (7 damage)
             ... on level 2 of the Dungeon.
             The game lasted 00:02:06 (1565 turns).

Bronimir the Conjurer (Gargoyle Reaver)             Turns: 1565, Time: 00:02:07

Health: -1/27      AC:  8    Str: 20    XL:     4   Next: 18%
Magic:  7/7        EV: 11    Int: 13    God:
Gold:   24         SH:  0    Dex:  8    Spells: 6/7 levels left

rFire   + . .        a - +0 spear
rCold   . . .        (no shield)
rNeg    + . .        b - +0 leather armour
rPois   ∞            (no helmet)
rElec   +            h - +1 cloak "Lasime Hoxy" {Harm rF+ Str+2}
rCorr   .            (no gloves)
SInv    .            (no boots)
Will    .....        (no amulet)
Stlth   +            (no ring)
HPRegen 0.24/turn    (no ring)
MPRegen 0.10/turn

%: harm (+30% outgoing, +20% incoming)
@: hasted, very quick
A: sickness immunity, AC +3, negative energy resistance 1, electricity
resistance, torment resistance 1, petrification resistance
a: no special abilities


You were on level 2 of the Dungeon.
You visited 1 branch of the dungeon, and saw 2 of its levels.

You collected 24 gold pieces.

Inventory:

Hand Weapons
 a - a +0 spear (weapon)
Armour
 b - a +0 leather armour (worn)
 h - the +1 cloak "Lasime Hoxy" (worn) {Harm rF+ Str+2}
   (You found it on level 2 of the Dungeon)

   Str:       It affects your strength (+2).
   rF:        It protects you from fire.
   Harm:      It increases damage dealt and taken.
Scrolls
 c - 3 scrolls of identify {unknown}
 d - a scroll of fear {unknown}
 f - a scroll of poison {unknown}
 g - 2 scrolls of immolation {unknown}
Potions
 e - a potion of haste


   Skills:
 * Level 2.7 Fighting
 * Level 3.4 Polearms
 + Level 1.6 Armour
 + Level 1.5 Dodging
 + Level 2.2 Spellcasting
 + Level 3.7 Conjurations


You had 6 spell levels left.
You knew the following spells:

 Your Spells              Type           Power      Damage    Failure   Level
a - Kiss of Death         Conj/Necr      24%        2d7       13%         1

Your spell library contained the following spells:

 Spells                   Type           Power      Damage    Failure   Level
 Momentum Strike          Conj/Tloc      12%        3d8       21%         2
 Sting                    Tmut/Pois      4%         1d3       28%         1
 Hailstorm                Conj/Ice       6%         3d4       36%         3
 Poisonous Vapours        Pois/Air       2%         N/A       41%         2
 Olgreb's Toxic Radiance  Pois           1%         N/A       96%         4


Dungeon Overview and Level Annotations

Branches:
Dungeon (2/15)

Altars:

Shops:
D:2 [


Innate Abilities, Weirdness & Mutations

You are immune to sickness and miasma.
Your stone body is resilient. (AC +3)
You are immune to poison.
You resist negative energy. (rN+)
You are resistant to electric shocks. (rElec)
You are resistant to unholy torment.
You are immune to petrification.


Message History

You barely miss the gnoll.
The gnoll is heavily wounded.
The gnoll hits you but does no damage.
You hit the gnoll.
The gnoll is severely wounded.
The gnoll closely misses you.
You hit the gnoll. You punch the gnoll.
The gnoll is almost dead.
The gnoll closely misses you.
You hit the gnoll.
You kill the gnoll!
Your Armour skill increases to level 1!
You hit the hobgoblin.
The hobgoblin is heavily wounded.
The hobgoblin barely misses you.
You hit the hobgoblin.
You kill the hobgoblin!
You have reached level 4!
You feel stronger.
You hit the gnoll.
The gnoll is heavily wounded.
The gnoll hits you with a +0 club.
You closely miss the gnoll.
The gnoll is heavily wounded.
The gnoll closely misses you.
It was a potion of haste.
You feel yourself speed up. The gnoll hits you with a +0 club.
* * * LOW HITPOINT WARNING * * *
You hit the gnoll.
The gnoll is almost dead.
You closely miss the gnoll.
The gnoll is almost dead.
The gnoll barely misses you.
You hit the gnoll.
You kill the gnoll!
You hit the gnoll but do no damage. You hit the gnoll.
The gnoll is heavily wounded.
The gnoll hits you with a +0 flail.
You die...

#.......# #.####### #.# #.#
#.#### #....# #########
############.# #........
........####.######g...$...
..............@ggg.g>....[.
#######.....#######g.......
#####.)### #........
##)..## #..g.....
###..###..gg....
##..##........
##.##........ #.##.....$..
#.###+######


You could see 6 gnolls.

Vanquished Creatures
  2 gnolls (D:2)
  An adder (D:2)
  2 dart slugs
  3 ball pythons (D:2)
  4 endoplasms
  3 giant cockroaches
  2 hobgoblins
  9 kobolds
  A quokka (D:2)
  3 bats (D:1)
  2 frilled lizards
  3 rats
35 creatures vanquished.

Notes
Turn   | Place    | Note
-------+----------+-------------------------------------------
     0 | D:1      | Bronimir the Gargoyle Reaver began the quest for the Orb.
     0 | D:1      | Reached XP level 1. HP: 12/12 MP: 3/3
    88 | D:1      | Reached XP level 2. HP: 8/17 MP: 5/5
   687 | D:2      | Reached XP level 3. HP: 14/19 MP: 3/6
  1354 | D:2      | Identified the +1 cloak "Lasime Hoxy" {Harm rF+ Str+2}
  1479 | D:2      | Found Epehiret's Antique Armour Shoppe.
  1556 | D:2      | Reached skill level 1 in Armour
  1558 | D:2      | Reached XP level 4. HP: 14/27 MP: 7/7
  1565 | D:2      | Slain by a gnoll

Illustrated notes

Levels and vault maps discovered:
D:1:      eino_arrival_water_star, layout_loops_cross,
          minmay_misc_feat_more_columns, minmay_strange_pillars
D:2:      layout_basic, dreamdust_ecumenical_altar_angels_and_demons,
          serial_shops, nicolae_shop_tiny_statue_garden

Skill      XL: |  1  2  3 |
---------------+----------+-----
Polearms       | 3 |  3.4
Armour         | 1 |  1.6
Fighting       | |  2.7
Dodging        | |  1.5
Spellcasting   | |  2.2
Conjurations   | |  3.7

Action                     |  1- 3 |  4- 6 || total
---------------------------+-------+-------++-------
  Melee: Spear             |   132 |     7 ||   139
         Punch             |     2 |       ||     2
   Cast: Kiss of Death     |     1 |       ||     1
    Use: Potion            |       |     1 ||     1
 Armour: Leather armour    |    47 |       ||    47
  Dodge: Dodged            |    48 |     2 ||    50
